AoeStats
← 清远华

African Clearing

510730344Analyzed
4v4 RM · 1d ago on Oct 2, 2026· 55m 32s· 8 players
Game mode
Random Map
Map size
Large (8 player)
Population
200
Speed
Normal
Resources
Standard
Victory
Conquest
Starting age
Dark Age
Ending age
Imperial Age
RankedLock teamsTeams togetherTeam positionsShared explorationLock speedFull tech treeHidden civsTurbo modeCheats
Victory
Defeat
🇨🇳 Mongols · China
1693
+16
🇻🇳 Teutons · Vietnam
1673
+16
🇨🇳 Cumans · China
1621
+18
🇬🇧 Saxons · United Kingdom
1554
+21
1905
-27
🇪🇸 Cumans · Spain
1711
-19
🇪🇸 Franks · Spain
1604
-15
🇬🇧 Persians · United Kingdom
1489
-10
AJC
4:10 Loom
13:50 Feudal Age
18:46 Castle Age
16:56 Double-Bit Axe
17:06 Fishing Lines
17:47 Town Watch
17:50 Horse Collar
18:20 Gold Mining
19:36 Scale Mail Armor
20:00 Gillnets
23:03 Chain Mail Armor
23:46 Bow Saw
26:03 Heavy Plow
28:30 Wheelbarrow
32:48 Imperial Age
30:47 Stone Mining
31:24 Hand Cart
31:22 Squires
31:35 Forging
31:25 Fletching
33:08 Gold Shaft Mining
33:01 Bodkin Arrow
33:41 Iron Casting
32:59 Capped Ram
34:10 Plate Mail Armor
34:03 Conscription
33:10 Shield Wall
35:04 Two-Man Saw
34:20 Bracer
34:18 Arson
34:46 Siege Ram
36:19 Elite Hearth Troop
37:45 Coinage
38:18 Guilds
39:07 Gambesons
40:36 Padded Archer Armor
41:28 Ballistics
42:09 Chemistry
40:43 Crossbowman
41:39 Leather Archer Armor
41:44 Arbalester
42:55 Ring Archer Armor
43:29 Thumb Ring
44:53 Masonry
44:24 Treadmill Crane
44:39 Murder Holes
45:26 Hoardings
45:43 Banking
51:24 Caravan
54:07 Elite Varangian Guard
56:02 Crop Rotation
清远华
12:20 Feudal Age
16:19 Castle Age
16:00 Loom
16:04 Town Watch
16:39 Fletching
20:59 Horse Collar
28:18 Bodkin Arrow
45:49 Wheelbarrow
48:11 Hand Cart
52:09 Double-Bit Axe
53:53 Bow Saw
54:04 Heavy Plow
58:13 Imperial Age
Long-Long-Way
6:34 Loom
29:58 Feudal Age
31:02 Town Watch
31:06 Double-Bit Axe
32:39 Fishing Lines
33:39 Wheelbarrow
32:46 Horse Collar
41:24 Castle Age
42:08 Gillnets
42:36 Hand Cart
43:35 Heavy Plow
45:33 Forging
48:09 Imperial Age
46:40 Bloodlines
47:07 Gold Mining
49:18 Scale Barding Armor
49:49 Iron Casting
50:44 Gold Shaft Mining
49:53 Elite Steppe Lancer
50:55 Chain Barding Armor
51:19 Conscription
53:04 Blast Furnace
53:14 Crop Rotation
52:57 Bow Saw
53:49 Stone Mining
Tam nsnd
9:09 Loom
11:51 Feudal Age
12:43 Double-Bit Axe
13:43 Fletching
21:18 Horse Collar
25:25 Gold Mining
29:40 Castle Age
30:48 Bow Saw
30:40 Bodkin Arrow
31:50 Guard Tower
33:28 Heavy Plow
34:07 Wheelbarrow
34:05 Ballistics
36:24 Hand Cart
38:03 Stone Mining
40:04 Sanctity
43:41 Imperial Age
42:31 Scale Barding Armor
42:36 Forging
42:43 Scale Mail Armor
42:54 Squires
44:00 Chain Mail Armor
45:22 Plate Mail Armor
44:47 Elite Teutonic Knight
45:48 Conscription
46:45 Forging
47:20 Bloodlines
48:04 Scale Barding Armor
48:35 Iron Casting
47:21 Cavalier
49:27 Paladin
51:08 Blast Furnace
50:35 Chain Barding Armor
51:15 Blast Furnace
51:46 Blast Furnace
52:03 Crop Rotation
52:39 Chemistry
52:22 Plate Barding Armor
52:16 Siege Engineers
NaY
9:33 Loom
12:51 Feudal Age
13:21 Double-Bit Axe
22:34 Forging
39:00 Castle Age
43:32 Wheelbarrow
49:46 Hand Cart
[R1] Lil Capitolio
7:06 Loom
17:00 Feudal Age
18:06 Double-Bit Axe
22:49 Town Watch
28:23 Castle Age
26:57 Fletching
31:51 Bodkin Arrow
34:55 Capped Ram
45:45 Wheelbarrow
45:00 Horse Collar
47:22 Gold Mining
47:41 Heavy Plow
48:00 Scale Barding Armor
51:26 Imperial Age
49:41 Bloodlines
49:55 Chain Barding Armor
50:09 Hand Cart
52:07 Gold Shaft Mining
54:44 Imperial Age
55:24 Forging
54:51 Cavalier
56:07 Plate Barding Armor
[R1] Duke PEÑAROL Thompson
10:38 Loom
12:23 Feudal Age
14:22 Double-Bit Axe
16:54 Castle Age
15:08 Town Watch
17:59 Bow Saw
18:57 Wheelbarrow
20:36 Horse Collar
25:26 Hand Cart
25:37 Gold Mining
25:41 Stone Mining
26:03 Fletching
26:14 Padded Archer Armor
26:09 Elite Skirmisher
27:48 Squires
27:34 Arson
27:50 Scale Mail Armor
28:18 Heavy Plow
29:12 Chain Mail Armor
29:39 Bodkin Arrow
33:14 Forging
39:30 Imperial Age
36:26 Hamask
38:48 Iron Casting
40:40 Plate Mail Armor
41:11 Blast Furnace
40:37 Conscription
39:59 Elite Varangian Guard
42:04 Gold Shaft Mining
42:05 Stone Shaft Mining
43:00 Coinage
42:49 Devotion
42:34 Capped Ram
43:57 Siege Ram
44:37 Onager
45:05 Heavy Scorpion
49:12 Northmen's Fury
50:24 Ballistics
51:04 Chemistry
50:20 Siege Engineers
50:24 Siege Onager
Brodo Swaggins
7:34 Loom
21:00 Feudal Age
24:55 Castle Age
23:56 Double-Bit Axe
27:18 Horse Collar
29:24 Fletching
33:24 Stone Mining
34:19 Town Watch
35:32 Bodkin Arrow
39:26 Masonry
52:01 Wheelbarrow
Connection lost

Rejoining the realm…

Still unreachable

The connection could not be restored.

Session expired

The server has moved on; the page needs a fresh start.